 Dungeon Crawl Stone Soup version 0.29-a0-319-gad05b8d819 (webtiles) character file.

Game seed: 13578167204846775248

554 Crownlay the Digger (level 7, -3/36 HPs)
             Began as a Gargoyle Earth Elementalist on Mar 25, 2022.
             Slain by Edmund
             ... wielding a +1 dire flail of draining
              (7 damage)
             ... on level 4 of the Dungeon on Apr 2, 2022.
             The game lasted 00:07:20 (3929 turns).

Crownlay the Digger (Gargoyle Earth Elementalist)   Turns: 3929, Time: 00:07:20

Health: -3/36      AC:  7    Str: 11    XL:     7   Next: 30%
Magic:  2/16       EV: 11    Int: 18    God:
Gold:   154        SH:  0    Dex: 10    Spells: 14/18 levels left

rFire   . . .      SeeInvis .   p - +2 short sword (elec)
rCold   . . .      Faith    .   (no shield)
rNeg    + . .      Spirit   .   b - +0 robe
rPois   ∞          Reflect  .   k - +0 helmet
rElec   +          Harm     .   (no cloak)
rCorr   .          Rampage  .   (no gloves)
Will    .....                   (no boots)
Stlth   ++........              (no amulet)
HPRegen 0.12/turn               (no ring)
MPRegen 0.15/turn               (no ring)

@: no status effects
A: sickness immunity, AC +4, negative energy resistance 1, electricity
resistance, torment resistance 1, petrification resistance
a: no special abilities


You were on level 4 of the Dungeon.
You visited 1 branch of the dungeon, and saw 4 of its levels.

You collected 154 gold pieces.

Inventory:

Hand Weapons
 p - a +2 short sword of electrocution (weapon)
Missiles
 a - 21 stones
Armour
 b - a +0 robe (worn)
 k - a +0 helmet (worn)
Scrolls
 d - 3 scrolls of identify {unknown}
 h - a scroll of immolation {unknown}
 i - a scroll of magic mapping {unknown}
 l - a scroll of blinking {unknown}
 o - a scroll of fear {unknown}
Potions
 c - 3 potions of magic
 e - a potion of heal wounds {unknown}
 f - 4 potions of curing {unknown}
 g - 2 potions of invisibility {unknown}
 j - a potion of haste {unknown}
 m - a potion of might {unknown}
 n - a potion of attraction {unknown}


   Skills:
 - Level 1.5 Dodging
 - Level 2.1 Stealth
 * Level 6.0 Spellcasting
 - Level 0.7 Transmutations
 + Level 6.3 Earth Magic


You had 14 spell levels left.
You knew the following spells:

 Your Spells              Type           Power      Damage    Failure   Level
a - Sandblast             Erth           56%        2d13      1%          1
b - Stone Arrow           Conj/Erth      32%        3d9       10%         3

Your spell library contained the following spells:

 Spells                   Type           Power      Damage    Failure   Level
 Passwall                 Tmut/Erth      15%        N/A       4%          2
 Sting                    Tmut/Pois      24%        1d4       11%         1
 Ensorcelled Hibernation  Hex/Ice        10%        N/A       19%         2
 Petrify                  Tmut/Erth      18%        N/A       28%         4
 Spider Form              Tmut/Pois      6%         N/A       30%         3
 Call Canine Familiar     Summ           5%         N/A       34%         3
 Anguish                  Hex/Necr       2%         N/A       75%         4
 Dragon Form              Tmut           4%         N/A       100%        7


Dungeon Overview and Level Annotations

Branches:
Dungeon (4/15)
 Temple: D:4-7

Altars:

Shops:
D:1 (

Annotations:
D:4 Edmund


Innate Abilities, Weirdness & Mutations

You are immune to sickness and miasma.
Your stone body is resilient. (AC +4)
You are immune to poison.
You resist negative energy. (rN+)
You are resistant to electric shocks. (rElec)
You are resistant to unholy torment.
You are immune to petrification.


Message History

The spell is quite dangerous to miscast (10% risk of failure)!
Continue anyway?
Aiming: Stone Arrow (quite dangerous; 10% risk of failure)
Press: ? - help, Shift-Dir - straight line, p - Edmund Edmund hits you with a +1 dire flail of draining.
Casting: Stone Arrow (quite dangerous; 10% risk of failure)
Confirm with . or Enter, or press ? or * to list all spells.
The spell is quite dangerous to miscast (10% risk of failure)!
Continue anyway?
Aiming: Stone Arrow (quite dangerous; 10% risk of failure)
Press: ? - help, Shift-Dir - straight line, f - Edmund
Aim: Edmund, wielding a +1 dire flail of draining and wearing a +0 chain mail (77% to hit)
The stone arrow misses Edmund.
Edmund hits you with a +1 dire flail of draining!
Casting: Stone Arrow (quite dangerous; 10% risk of failure)
Confirm with . or Enter, or press ? or * to list all spells.
The spell is quite dangerous to miscast (10% risk of failure)!
Continue anyway?
Aiming: Stone Arrow (quite dangerous; 10% risk of failure)
Press: ? - help, Shift-Dir - straight line, f/p - Edmund
Aim: Edmund, wielding a +1 dire flail of draining and wearing a +0 chain mail (77% to hit)
The stone arrow hits Edmund!
Edmund is moderately wounded.
Edmund hits you but does no damage.
Casting: Stone Arrow (quite dangerous; 10% risk of failure)
Confirm with . or Enter, or press ? or * to list all spells.
The spell is quite dangerous to miscast (10% risk of failure)!
Continue anyway?
Aiming: Stone Arrow (quite dangerous; 10% risk of failure)
Press: ? - help, Shift-Dir - straight line, f/p - Edmund
Aim: Edmund, wielding a +1 dire flail of draining and wearing a +0 chain mail (moderately wounded, 77% to hit)
The stone arrow hits Edmund!
Edmund is severely wounded.
Edmund hits you with a +1 dire flail of draining!
* * * LOW HITPOINT WARNING * * *
Casting: Stone Arrow (quite dangerous; 10% risk of failure)
Confirm with . or Enter, or press ? or * to list all spells.
Aiming: Sandblast (safe; 1% risk of failure)
Press: ? - help, Shift-Dir - straight line, f/p - Edmund
Aim: Edmund, wielding a +1 dire flail of draining and wearing a +0 chain mail (severely wounded, 86% to hit)
The blast of sand hits Edmund but does no damage.
Edmund is severely wounded.
Edmund hits you with a +1 dire flail of draining!
You die...

..#.#.......#...........#
.......#..................
.##.######.#.#............
# ..#.##.##....####
#.##.##.#...♣..# .
#.##.#......# .. .......##
#@....# #@# #.# #†###
#..<# #.#†# #....# ..#..#
####..# #..#


You could see Edmund.

Vanquished Creatures
  Grinder (D:3)
  An ogre (D:4)
  A scorpion (D:4)
  A gnoll shaman (D:3)
  An orc wizard (D:3)
  3 gnolls (D:3)
  3 adders
  2 worms
  7 orcs (D:3)
  3 ball pythons
  6 bats
  4 endoplasms
  A giant cockroach (D:3)
  9 goblins
  11 hobgoblins
  3 jackals (D:2)
  3 quokkas
  3 frilled lizards
  5 kobolds
  7 rats
75 creatures vanquished.

Notes
Turn   | Place    | Note
-------+----------+-------------------------------------------
     0 | D:1      | Crownlay the Gargoyle Earth Elementalist began the quest
                  | for the Orb.
     0 | D:1      | Reached XP level 1. HP: 10/10 MP: 3/3
   127 | D:1      | Got the Volume of the Escort and Transmigration
   224 | D:1      | Reached XP level 2. HP: 15/15 MP: 3/5
   354 | D:1      | Found Cyurae's Antique Weapon Emporium.
  1158 | D:2      | Upgraded the game from 0.29-a0-303-ge4682ce883 to
                  | 0.29-a0-319-gad05b8d819
  1363 | D:2      | Reached XP level 3. HP: 6/19 MP: 7/7
  1718 | D:2      | Learned a level 3 spell: Stone Arrow
  1735 | D:2      | Found a faded altar of an unknown god.
  2016 | D:2      | Reached XP level 4. HP: 24/24 MP: 9/9
  2131 | D:2      | You fall into a shaft and drop 2 floors!
  2131 | D:4      | Noticed an ogre
  2135 | D:4      | Killed an ogre
  2136 | D:4      | Reached XP level 5. HP: 10/28 MP: 5/11
  2202 | D:4      | Reached skill level 5 in Earth Magic
  2453 | D:4      | Noticed Edmund
  2540 | D:3      | Noticed Grinder
  2541 | D:3      | Paralysed by Grinder for 3 turns
  2554 | D:3      | Paralysed by Grinder for 4 turns
  2559 | D:3      | Killed Grinder
  2560 | D:3      | Reached skill level 5 in Spellcasting
  2560 | D:3      | Reached XP level 6. HP: 13/32 MP: 1/14
  2876 | D:3      | Reached XP level 7. HP: 36/36 MP: 15/15
  3929 | D:4      | Slain by Edmund

Illustrated notes

Levels and vault maps discovered:
D:1:      dpeg_arrival_boxes_within_box, layout_basic, serial_shops, shop,
          chequers_big_river
D:2:      layout_basic, ebering_ecumenical_altar_abandoned
D:3:      layout_loops_cross, uniq_grinder
D:4:      layout_loops_ring, kennysheep_slug_shrine, serial_park_tiny_1,
          kennysheep_small_spiral, eino_tiny_chamber, uniq_edmund

Skill      XL: |  1  2  3  4  5  6  7 |
---------------+----------------------+-----
Earth Magic    | 4 6 |  6.3
Spellcasting   | 3 4 5 6 |  6.0
Dodging        | |  1.5
Stealth        | |  2.1
Transmutations | |  0.7

Action                   |  1- 3 |  4- 6 |  7- 9 || total
-------------------------+-------+-------+-------++-------
Melee: Whip              |    61 |    12 |    15 ||    88
       Short sword       |       |       |    38 ||    38
 Cast: Sandblast         |    19 |    24 |    20 ||    63
       Stone Arrow       |       |       |     4 ||     4
 Stab: Sleeping          |     3 |     3 |     1 ||     7
Armor: Robe              |    41 |     5 |    27 ||    73
Dodge: Dodged            |    51 |    10 |    33 ||    94

Table legend: (Time is in decaauts)
 A = Elapsed time spent in this place.
 B = Non-inter-level travel time spent in this place.
 C = Inter-level travel time spent in this place.
 D = Time resting spent in this place.
 E = Time spent auto-exploring this place.
 F = Levels seen in this place.
 G = Mean time per level.
                   A        B        C        D        E       F      G
               +--------+--------+--------+--------+--------+-----+--------+
         Total |   3945 |   3862 |     83 |      0 |   3306 |   4 |  986.2 |
       Dungeon |   3945 |   3862 |     83 |      0 |   3306 |   4 |  986.2 |
               +--------+--------+--------+--------+--------+-----+--------+

Top non-repeatable levels by time:
     D:3: 1256 daAuts
     D:2: 1207 daAuts
     D:1: 1093 daAuts
     D:4: 388 daAuts
